 Dungeon Crawl Stone Soup version 0.30.1-3-gfc49f6343a (webtiles) character file.

Game seed: 13865358236943937872

497 cdecastro the Changer (level 6, -5/47 HPs)
             Began as a Draconian Transmuter on Aug 9, 2023.
             Was a Follower of Cheibriados.
             Killed from afar by an orc wizard (9 damage)
             ... with a magic dart
             ... on level 5 of the Dungeon.
             The game lasted 00:09:32 (4065 turns).

cdecastro the Changer (Draconian Transmuter)        Turns: 4065, Time: 00:09:32

Health: -5/47      AC:  2    Str: 15    XL:     6   Next: 93%
Magic:  5/9        EV: 19    Int: 17    God:    Cheibriados [*.....]
Gold:   86         SH:  0    Dex: 18    Spells: 3/9 levels left

rFire   . .          .
                       - Unarmed
rCold   . . .        (shield currently unavailable)
rNeg    . . .        (body armour unavailable)
rPois   x            (helmet currently unavailable)
rElec   .            (cloak currently unavailable)
rCorr   .            (gloves currently unavailable)
SInv    .            (boots currently unavailable)
Will    .....        (no amulet)
Stlth   +            g - ring of wizardry
HPRegen 0.27/turn    (no ring)
MPRegen 0.11/turn

%: wizardry (x1)
@: confused, spider-form (expiring), very slow
A: venomous fangs, AC +6, tiny, unfitting armour, (cold-blooded)
a: End Transformation, Renounce Religion, Bend Time


You were on level 5 of the Dungeon.
You worshipped Cheibriados.
Cheibriados was aware of your devotion.
You were a venomous arachnid creature.
You visited 1 branch of the dungeon, and saw 5 of its levels.

You collected 212 gold pieces.
You spent 126 gold pieces at shops.

Inventory:

Missiles
 b - 4 boomerangs
 j - 6 javelins
 o - 2 curare-tipped darts
 s - 2 poisoned darts
Jewellery
 g - a ring of wizardry (left front pincers)
 r - a ring of willpower
Scrolls
 c - a scroll of enchant armour {unknown}
 e - a scroll of vulnerability {unknown}
 k - 2 scrolls of identify
 l - a scroll of teleportation {unknown}
 m - 3 scrolls of fog {unknown}
 t - a scroll of blinking {unknown}
Potions
 d - 4 potions of curing
 f - 6 potions of heal wounds
 h - a potion of mutation
 i - a potion of haste
 n - a potion of might
 p - a potion of flight
 q - a potion of attraction


   Skills:
 - Level 1.1 Fighting
 - Level 1.7 Dodging
 - Level 3.0 Unarmed Combat
 - Level 2.0 Spellcasting
 + Level 7.6 Transmutations


You had 3 spell levels left.
You knew the following spells:

 Your Spells              Type           Power      Damage    Failure   Level
a - Beastly Appendage     Tmut           54%        N/A       1%          1
b - Wereblood             Tmut           27%        N/A       2%          2
c - Spider Form           Tmut/Pois      14%        N/A       12%         3

Your spell library contained the following spells:

 Spells                   Type           Power      Damage    Failure   Level
 Ignite Poison            Fire/Tmut/Pois 10%        N/A       17%         3
 Ice Form                 Ice/Tmut       14%        N/A       30%         4
 Sticky Flame             Conj/Fire      1%         2d3       71%         4
 Summon Forest            Summ/Tloc      0%         N/A       95%         5
 Eringya's Noxious Bog    Tmut/Pois      7%         N/A       96%         6
 Summon Hydra             Summ           0%         N/A       100%        7
 Ignition                 Fire           0%         3d3       100%        8


Dungeon Overview and Level Annotations

Branches:
Dungeon (5/15)
 Temple: D:4-7

Altars:
Cheibriados
Qazlal
Ru

Shops:
D:3 ?

Annotations:
D:2 1 runed translucent door, Crazy Yiuf
D:5 Menkaure


Innate Abilities, Weirdness & Mutations

You are a venomous arachnid creature.
You have venomous fangs.
You are tiny and dextrous.
Your spellcasting is less reliable in this form.
Your armour is entirely melded.
You are incapable of wielding weapons or throwing items.
((Your plain brown scales are hard. (AC +6)))
You cannot fit into any form of body armour.
((You are cold-blooded and may be slowed by cold attacks.))


Message History

The orc wizard is lightly wounded.
You kill the orc priest!
Cheibriados appreciates the change of pace.
You can now bend time to slow others.
Cheibriados raises the support of your attributes as your movement slows.
Unknown command.
You hit the orc wizard but do no damage.
The orc wizard looks even sicker.
The orc wizard is moderately wounded.
Your transformation has ended.
The orc wizard closely misses you.
Unknown command.
Casting: Spider Form (dangerous; 4% risk of failure)
Confirm with . or Enter, or press ? or * to list all spells.
You turn into a venomous arachnid creature.
The orc wizard gestures at you while chanting.
The puff of flame misses you.
Unknown command.
Unknown command.
You completely miss the orc wizard.
The orc wizard is heavily wounded.
Unknown command.
You barely miss the orc. The orc closely misses you.
The orc wizard drinks a potion.
The orc wizard is healed!
The orc wizard looks more healthy.
Unknown command.
You hit the orc.
The orc is poisoned.
The orc is almost dead.
The orc wizard casts a spell at you.
You are confused.
The orc hits you with a +0 vampiric hand axe.
* * * LOW HITPOINT WARNING * * *
Unknown command.
The orc wizard attacks as you move away!
The orc wizard hits you with a +0 dagger.
* * * LOW HITPOINT WARNING * * *
Your transformation is almost over.
The orc wizard gestures at you while chanting.
The magic dart hits you!
You die...

#.....#######.# ###.#.####
#.....†.......# #........#
#.....######### #.#.######
#.#+#.#.......########.#......#
# #........#...........#####.##
......>...#.#..########## #.#
##.########.#..#o....... #.# #
#.#..#o# #.# #.#..#s# #.#
#.####.## #.# #.......# #.#
#...##### #########.# #...#
#<........# #...# ###########
#####


You could see an orc wizard and an orc (very poisoned).

Vanquished Creatures
  A hornet (D:5)
  A scorpion (D:4)
  A jelly (D:4)
  An orc priest (D:5)
  Jessica (D:1)
  Robin (D:2)
  6 adders
  A worm (D:2)
  A dart slug (D:4)
  4 orcs
  7 endoplasms
  2 giant cockroaches (D:4)
  16 goblins
  4 hobgoblins
  5 jackals (D:1)
  4 kobolds
  3 quokkas
  3 ball pythons
  4 bats
  2 frilled lizards
  A rat (D:1)
69 creatures vanquished.

Notes
Turn   | Place    | Note
-------+----------+-------------------------------------------
     0 | D:1      | cdecastro the Draconian Transmuter began the quest for the
                  | Orb.
     0 | D:1      | Reached XP level 1. HP: 16/16 MP: 3/3
   236 | D:1      | Reached XP level 2. HP: 18/23 MP: 5/5
   495 | D:1      | Reached skill level 3 in Transmutations
  1021 | D:2      | Noticed Jessica
  1140 | D:1      | Learned a level 2 spell: Wereblood
  1167 | D:1      | Killed Jessica
  1168 | D:1      | Reached skill level 4 in Transmutations
  1168 | D:1      | Reached XP level 3. HP: 19/28 MP: 4/6
  1210 | D:1      | Learned a level 3 spell: Spider Form
  1345 | D:2      | Found a runed translucent door.
  1346 | D:2      | Noticed Crazy Yiuf
  1395 | D:2      | Found a faded altar of an unknown god.
  1541 | D:2      | Reached XP level 4. HP: 29/35 MP: 5/7
  1682 | D:2      | Noticed Robin
  1716 | D:2      | Killed Robin
  2233 | D:3      | Found Reorigg's Magic Scroll Shoppe.
  2242 | D:3      | Bought a scroll of identify for 28 gold pieces
  2242 | D:3      | Bought a scroll of identify for 28 gold pieces
  2242 | D:3      | Bought a scroll of identify for 28 gold pieces
  2242 | D:3      | Bought a scroll of identify for 28 gold pieces
  2242 | D:3      | Bought a scroll of noise for 14 gold pieces
  2276 | D:3      | Reached skill level 5 in Transmutations
  2900 | D:3      | Found a sacrificial altar of Ru.
  3043 | D:4      | Reached XP level 5. HP: 37/40 MP: 8/8
  3078 | D:4      | Found a snail-covered altar of Cheibriados.
  3115 | D:4      | Became a worshipper of Cheibriados the Contemplative
  3337 | D:4      | Found a stormy altar of Qazlal.
  3345 | D:4      | Identified the +1 chain mail of Qosuv {rN+ Will+ Str+3}
  3481 | D:4      | Reached skill level 6 in Transmutations
  3849 | D:5      | Entered Level 5 of the Dungeon
  3863 | D:5      | Noticed Menkaure
  3983 | D:5      | Noticed a hornet
  3988 | D:5      | Paralysed by a hornet for 3 turns
  3998 | D:5      | Killed a hornet
  3999 | D:5      | Reached skill level 7 in Transmutations
  3999 | D:5      | Reached XP level 6. HP: 47/47 MP: 9/9
  4059 | D:5      | Reached * piety under Cheibriados
  4065 | D:5      | Killed from afar by an orc wizard

Illustrated notes

Levels and vault maps discovered:
D:1:      dpeg_arrival_tiny_k, layout_basic
D:2:      layout_rooms, hellmonk_ecumenical_altar_leap_of_faith, uniq_jessica,
          uniq_robin, uniq_crazy_yiuf_cottage
D:3:      layout_loops_ring, nicolae_ru_the_path_less_chosen, serial_shops,
          shop, grunt_decor_mini_mirrors, chequers_big_river
D:4:      layout_loops_ring, nicolae_qazlal_eye_of_the_storm,
          nicolae_overflow_crystal_walls, minmay_fractal_squares_gapless_5
D:5:      layout_basic, nicolae_tso_swordbearing_angel, uniq_pikel,
          uniq_menkaure

Skill      XL: |  1  2  3  4  5 |
---------------+----------------+-----
Transmutations | 4 5 7 |  7.6
Fighting       | |  1.1
Dodging        | |  1.7
Unarmed Combat | |  3.0
Spellcasting   | |  2.0

Action                     |  1- 3 |  4- 6 || total
---------------------------+-------+-------++-------
  Melee: Unarmed           |    90 |   103 ||   193
         Tailslap          |     8 |     9 ||    17
         Kick              |    21 |    22 ||    43
         Headbutt          |     7 |     8 ||    15
         Punch             |     1 |     6 ||     7
         Dagger            |       |    49 ||    49
   Cast: Beastly Appendage |    22 |    20 ||    42
         Wereblood         |       |     1 ||     1
         Spider Form       |       |     2 ||     2
    Use: Scroll            |       |     8 ||     8
         Potion            |       |     1 ||     1
 Armour: Skin              |    23 |    53 ||    76
  Dodge: Dodged            |    55 |   100 ||   155
